 Dungeon Crawl Stone Soup version 0.27-a0-1272-g7c8ad2e407 (webtiles) character file.

Game seed: 4575407403735892332

111771 Kinoniko the Bludgeoner (level 16, -6/131 HPs)
             Began as a Demonspawn Berserker on June 11, 2021.
             Was a High Priest of Trog.
             Mangled by Agnes
             ... wielding a +1 vampiric lajatang
              (9 damage)
             ... on level 14 of the Dungeon.
             The game lasted 00:37:33 (30971 turns).

Kinoniko the Bludgeoner (Demonspawn Berserker)     Turns: 30971, Time: 00:37:34

Health: -6/131     AC: 27    Str: 28    XL:     16   Next: 10%
Magic:  16/16      EV: 11    Int: 13    God:    Trog [*****.]
Gold:   382        SH: 23    Dex:  9    Spells: 15/15 levels left

rFire    . . .     SeeInvis +   e - +4 broad axe (freeze)
rCold    + + .     Faith    .   Q - +4 tower shield of Immorality {Harm +Blink rPois Dex-4}
rNeg     + . .     Spirit   .   T - +5 ring mail "Sirrapp" {Harm}
rPois    +         Reflect  .   L - +2 hat {Will+}
rElec    .         Harm     +   B - +2 cloak of the Hot Ocelot {*Slow rC++ SInv Stlth+}
rCorr    .         Rampage  .   (no gloves)
Will     ++++.                  (no boots)
Stlth    ++........             (no amulet)
HPRegen  1.31/turn              W - ring "Milymug" {rN+ Str+6 Int+2 Stlth+}
MPRegen  0.15/turn              V - +4 ring of evasion

@: mighty, strong-willed, very slightly contaminated, regenerating, slowed,
studying Fighting, invisible, very slow
A: hooves 2, demonic guardian 2, icemail 2, sharp scales 3, condensation shield
a: Renounce Religion, Evoke Blink, Berserk, Trog's Hand, Brothers in Arms


You were on level 14 of the Dungeon.
You worshipped Trog.
Trog was extremely pleased with you.
You visited 3 branches of the dungeon, and saw 22 of its levels.
You also visited: Sewer and Gauntlet.

You collected 2180 gold pieces.
You spent 1798 gold pieces at shops.

Inventory:

Hand Weapons
 e - a +4 broad axe of freezing (weapon)
 A - the +5 morningstar of Mueg {freeze, rPois Str+2 Int+2}
   (You took it off a minotaur in a Gauntlet)

   It has been specially enchanted to freeze those struck by it, causing extra
   injury to most foes and up to half again as much damage against particularly
   susceptible opponents.
   It can also slow down cold-blooded creatures.
   It affects your strength (+2).
   It affects your intelligence (+2).
   It protects you from poison.
Missiles
 a - 12 atropa-tipped darts
 j - a throwing net
 X - 8 silver javelins
Armour
 B - the +2 cloak of the Hot Ocelot (worn) {*Slow rC++ SInv Stlth+}
   (You bought it in a shop on level 8 of the Dungeon)

   It greatly protects you from cold.
   It lets you see invisible.
   It may slow you when you take damage.
   It makes you more stealthy.
 L - a +2 hat of willpower (worn)
 Q - the +4 tower shield of Immorality (worn) {Harm +Blink rPois Dex-4}
   (You bought it in a shop on level 2 of the Orcish Mines)

   It affects your dexterity (-4).
   It protects you from poison.
   It lets you blink.
   It increases damage dealt and taken.
 T - the +5 ring mail "Sirrapp" (worn) {Harm}
   (You bought it in a shop on level 2 of the Orcish Mines)

   It increases damage dealt and taken.
Jewellery
 c - a ring of willpower
 g - a +6 ring of intelligence
 y - a ring of see invisible
 z - a +6 ring of strength
 N - a ring of resist corrosion
 O - a ring of wizardry
 V - a +4 ring of evasion (right hand)
 W - the ring "Milymug" (left hand) {rN+ Str+6 Int+2 Stlth+}
   (You found it in a Gauntlet)

   [ring of strength]

   It affects your strength (+6).
   It affects your intelligence (+2).
   It protects you from negative energy.
   It makes you more stealthy.
 Y - a +6 ring of dexterity
Wands
 l - a wand of polymorph (18)
 F - a wand of flame (40)
 K - a wand of iceblast (28)
 R - a wand of digging (6)
 S - a wand of acid (29)
 U - a wand of mindburst (12)
Scrolls
 f - 4 scrolls of magic mapping
 h - 3 scrolls of amnesia
 i - 16 scrolls of teleportation
 n - 4 scrolls of fear
 p - a scroll of brand weapon
 x - a scroll of torment
 C - a scroll of blinking
 G - 4 scrolls of fog
 J - a scroll of holy word
 M - 6 scrolls of immolation
 P - a scroll of enchant armour
Potions
 b - 4 potions of haste
 d - 5 potions of mutation
 k - 8 potions of flight
 m - 6 potions of might
 o - 5 potions of lignification
 q - a potion of magic
 r - 3 potions of curing
 s - 2 potions of invisibility
 t - 3 potions of brilliance
 v - 2 potions of attraction
 w - a potion of resistance
Miscellaneous
 H - a condenser vane


   Skills:
 + Level 13.5 Fighting
 * Level 10.1(15.8) Axes
 - Level 19.3(20.0) Maces & Flails
 + Level 4.0 Armour
 + Level 4.0 Dodging
 + Level 3.8 Shields


You had 15 spell levels left.
You didn't know any spells.
Your spell library contained the following spells:

 Spells                   Type           Power      Damage    Failure   Level
 Apportation              Tloc           0%         N/A       100%        1
 Corona                   Hex            0%         N/A       100%        1
 Corpse Rot               Necr/Air       N/A        N/A       100%        2
 Ensorcelled Hibernation  Hex/Ice        0%         N/A       100%        2
 Confusing Touch          Hex            0%         N/A       100%        3
 Dazzling Flash           Conj/Hex       0%         N/A       100%        3
 Lesser Beckoning         Tloc           0%         N/A       100%        3
 Stone Arrow              Conj/Erth      0%         3d7       100%        3
 Tukima's Dance           Hex            0%         N/A       100%        3
 Cause Fear               Hex            0%         N/A       100%        4
 Alistair's Intoxication  Tmut/Pois      0%         N/A       100%        5
 Silence                  Hex/Air        0%         N/A       100%        5
 Summon Forest            Summ/Tloc      0%         N/A       100%        5
 Yara's Violent Unravell  Hex/Tmut       0%         3d3       100%        5
 Eringya's Noxious Bog    Tmut/Pois      0%         N/A       100%        6
 Invisibility             Hex            0%         N/A       100%        6
 Summon Hydra             Summ           0%         N/A       100%        7
 Discord                  Hex            0%         N/A       100%        8


Dungeon Overview and Level Annotations

Branches:
Dungeon (14/15)            Temple (0/1) D:6            Lair (6/6) D:10
  Swamp (0/4) Lair:4       Spider (0/4) Lair:3        Slime (0/5) Lair:5
    Orc (2/2) D:12            Elf (0/3) Orc:2         Sewer (visited)
Gauntlet (visited)
 Vaults: D:13-14

Altars:
Gozag
Kikubaaqudgha
Jiyva

Shops:
D:8 [   D:11 :   Orc:2 *(?[[?(

Annotations:
D:8 1 runed translucent door
D:12 2 transporters, anet's ghost, journeyman GnFi
D:14 Agnes
Lair:1 2 transporters, Kinoniko's ghost, journeyman OgBe
Lair:5 3 runed translucent doors, Ewum's ghost, journeyman TrMo; Haestrico's ghost, journeyman VSSu; Ycoiwk's ghost, journeyman OpVM; Yhosony's ghost, journeyman OpVM


Innate Abilities, Weirdness & Mutations

You have hoof-like feet.
A demonic guardian rushes to your aid.
A meltable icy envelope protects you from harm. (AC +8)
You are completely covered in razor-sharp scales. (AC +3, Slay +3)
A meltable shield of frost defends you. (SH +4)


Message History

Your ogre hits the slime creature with a +0 giant club!!!
The slime creature dies!
Trog accepts your kill. Agnes hits you but does no damage.
Your ogre completely misses the slime creature.
Two slime creatures merge to form a large slime creature.
You block Agnes's attack.
You feel better. You block Agnes's attack.
Your ogre hits the slime creature with a +0 giant club!!
Two slime creatures merge to form a very large slime creature.
Agnes hits you with a +1 vampiric lajatang!
* * * LOW HITPOINT WARNING * * *
Your ogre hits the very large slime creature with a +0 giant club!!
Unknown command.
Unknown command.
Unknown command.
Okay, then.
You feel better.
You recover from your berserk rage.
Agnes hits you with a +1 vampiric lajatang.
* * * LOW HITPOINT WARNING * * *
You block Agnes's attack.
A very large slime creature splits.
Your ogre barely misses the large slime creature.
You block Agnes's attack.
The large slime creature hits your ogre!!!
Your ogre dies!
Your ogre's corpse disappears in a puff of smoke!
The slime creature quivers.
You miss Agnes. Your kick misses Agnes.
Agnes mutters, "I could really go for a good breadfruit right now."
You block Agnes's attack. x3
You completely miss Agnes. Your kick misses Agnes.
You strike the helpless large slime creature from behind!
You slash the large slime creature! You freeze the large slime creature.
You block Agnes's attack. x2; Your soul eater hits Agnes!!
The large slime creature hits you!!
* * * LOW HITPOINT WARNING * * *
A demonic guardian appears!
Agnes hits you with a +1 vampiric lajatang!
You die...

#########
#######........
......J3.......
.......@i......
......J..#'###.
.....3...#
.........#
.#........
#.#.....#. .
#.#.....#. R .
. #.....# #
........##.
......≈..#.


You could see Agnes (ally target), a large slime creature, a slime creature
(ally target), a friendly soul eater (summoned) and a friendly sixfirhy
(summoned).

Vanquished Creatures
  Gastronok (D:11)
  Azrael (D:13)
  A minotaur (Gauntlet)
  3 hydras
  2 ogre magi
  A boulder beetle (Lair:5)
  Erica (D:10)
  A death knight (D:12)
  2 catoblepae
  10 two-headed ogres
  4 orc high priests
  A death scarab (Gauntlet)
  Urug (Lair:6)
  4 skeletal warriors (D:14)
  A spectral hydra (Gauntlet)
  5 orc knights (Orc:2)
  6 ugly things
  8 orc sorcerers
  An oklob plant (D:10)
  2 manticores (D:12)
  3 cyclopes
  2 elephants (Lair:6)
  Joseph (Lair:1)
  2 black mambas
  27 cane toads
  A molten gargoyle (Gauntlet)
  A gargoyle (Gauntlet)
  4 unseen horrors
  2 rime drakes
  9 komodo dragons
  The ghost of Burgietje the Skirmisher, a novice GrFi (D:4)
  An efreet (D:13)
  A freezing wraith (D:14)
  A red devil (D:14)
  4 trolls
  7 polar bears
  2 tyrant leeches (Lair:6)
  2 hornets (Gauntlet)
  Prince Ribbit (D:5)
  7 blink frogs (Lair:6)
  A wraith (D:12)
  2 shadows
  A tarantella (Lair:3)
  2 steam dragons
  2 wyverns
  48 yaks
  4 fire elementals (D:13)
  Eustachio (D:6)
  8 vampire mosquitoes
  7 basilisks
  Menkaure (D:6)
  8 wargs
  An acid dragon (D:6)
  3 hell hounds (D:13)
  11 water moccasins
  19 orc warriors
  An ice beast (D:7)
  A sky beast (D:7)
  4 black bears
  2 necrophages
  5 ogres
  3 wolves (Lair:4)
  8 centaurs
  A phantom (D:4)
  2 kobold brigands
  24 bullfrogs
  2 gnoll sergeants
  5 scorpions
  4 wights (D:7)
  A water moccasin skeleton (D:5)
  An electric eel (Lair:6)
  A bullfrog zombie (D:7)
  3 centaur zombies
  2 hounds (D:4)
  Crazy Yiuf (D:6)
  19 orc priests
  A gnoll shaman (D:9)
  5 jellies
  A bullfrog skeleton (D:6)
  3 centaur skeletons (D:7)
  5 iguanas
  Natasha (thrice) (D:3)
  24 orc wizards
  15 gnolls
  2 river rats (Sewer)
  17 adders
  An ufetubus (D:4)
  A worm (D:2)
  4 dart slugs
  56 orcs
  7 endoplasms
  3 giant cockroaches
  8 goblins
  8 hobgoblins
  3 jackals (D:5)
  4 quokkas
  18 ball pythons
  9 bats
  4 frilled lizards
  14 kobolds
  33 rats
593 creatures vanquished.

Vanquished Creatures (collateral kills)
  2 hydras (Lair:4)
  A catoblepas (Gauntlet)
  An orc high priest (Orc:2)
  An orc knight (Orc:2)
  4 elephants
  A molten gargoyle (Gauntlet)
  A gargoyle (D:12)
  A cane toad (Lair:6)
  A polar bear (Lair:6)
  2 slime creatures (D:14)
  9 blink frogs
  2 tyrant leeches (Lair:6)
  A wyvern (Lair:6)
  3 yaks (Lair:5)
  2 swamp worms (Lair:4)
  2 orc warriors (Orc:2)
  3 bullfrogs (Lair:6)
  An orc priest (Orc:2)
  An orc (Orc:2)
39 creatures vanquished.

Vanquished Creatures (others)
  44 fungi
  131 plants
  14 withered plants (Gauntlet)
189 creatures vanquished.

Grand Total: 821 creatures vanquished

Notes
Turn   | Place    | Note
-------+----------+-------------------------------------------
     0 | D:1      | Kinoniko the Demonspawn Berserker began the quest for the
                  | Orb.
     0 | D:1      | Reached XP level 1. HP: 18/18 MP: 1/1
    78 | D:1      | Reached skill level 3 in Maces & Flails
   411 | D:1      | Gained mutation: You are partially covered in razor-sharp
                  | scales. (AC +1, Slay +1) [demonic ancestry]
   411 | D:1      | Reached XP level 2. HP: 22/24 MP: 2/2
   796 | D:1      | Found a faded altar of an unknown god.
  1501 | D:2      | Gained mutation: You have large cloven feet. [demonic
                  | ancestry]
  1501 | D:2      | Reached XP level 3. HP: 29/29 MP: 3/3
  1506 | D:2      | Reached ** piety under Trog
  1671 | D:2      | Reached skill level 4 in Maces & Flails
  1777 | D:2      | Gained mutation: A meltable shield of frost defends you.
                  | (SH +4) [demonic ancestry]
  1777 | D:2      | Reached XP level 4. HP: 33/35 MP: 4/4
  1983 | D:2      | Noticed a necrophage
  1990 | D:2      | Killed a necrophage
  1991 | D:2      | Reached skill level 5 in Maces & Flails
  1991 | D:2      | Gained mutation: A meltable icy envelope protects you from
                  | harm. (AC +8) [demonic ancestry]
  1991 | D:2      | Reached XP level 5. HP: 41/41 MP: 5/5
  2753 | D:3      | Noticed Natasha
  2758 | D:3      | Killed Natasha
  2925 | D:3      | Noticed Natasha
  2936 | D:3      | Killed Natasha
  2937 | D:3      | Reached skill level 6 in Maces & Flails
  2945 | D:3      | Noticed Natasha
  2956 | D:3      | Killed Natasha
  2957 | D:3      | Reached XP level 6. HP: 8/47 MP: 6/6
  3690 | D:4      | Found a runed translucent gate.
  3690 | D:4      | Found an opulent altar of Gozag.
  3702 | D:4      | Found a runed translucent gate.
  3703 | D:4      | Found a runed translucent gate.
  3743 | D:4      | Reached skill level 7 in Maces & Flails
  3811 | D:4      | Reached *** piety under Trog
  3974 | D:4      | Reached XP level 7. HP: 52/52 MP: 7/7
  4256 | D:4      | Noticed Burgietje's ghost (novice GrFi)
  4366 | D:4      | Killed Burgietje's ghost
  4367 | D:4      | Reached skill level 8 in Maces & Flails
  4427 | D:5      | Entered Level 5 of the Dungeon
  4500 | D:5      | Reached skill level 9 in Maces & Flails
  4500 | D:5      | Reached XP level 8. HP: 57/58 MP: 8/8
  4557 | D:5      | Found a glowing drain.
  4600 | Sewer    | Entered a sewer
  4847 | Sewer    | Reached **** piety under Trog
  5331 | D:5      | Reached skill level 10 in Maces & Flails
  5488 | D:5      | Noticed Prince Ribbit
  5500 | D:5      | Killed Prince Ribbit
  5838 | D:5      | Reached skill level 11 in Maces & Flails
  5838 | D:5      | Gained mutation: A weak demonic guardian rushes to your
                  | aid. [demonic ancestry]
  5838 | D:5      | Reached XP level 9. HP: 48/63 MP: 9/9
  6775 | D:6      | Noticed Menkaure
  6781 | D:6      | Killed Menkaure
  6786 | D:6      | Reached ***** piety under Trog
  6867 | D:6      | Found a staircase to the Ecumenical Temple.
  7051 | D:6      | Reached skill level 12 in Maces & Flails
  7126 | D:6      | Found a runed translucent door.
  7127 | D:6      | Noticed Crazy Yiuf
  7197 | D:6      | Noticed Eustachio
  7203 | D:6      | Killed Eustachio
  7438 | D:6      | Killed Crazy Yiuf
  8006 | D:7      | You fall into a shaft and drop 1 floor!
  8007 | D:8      | Found an ancient bone altar of Kikubaaqudgha.
  8008 | D:8      | Found Facreduawi's Armour Emporium.
  8038 | D:8      | Reached skill level 13 in Maces & Flails
  8040 | D:8      | Gained mutation: You are mostly covered in razor-sharp
                  | scales. (AC +2, Slay +2) [demonic ancestry]
  8040 | D:8      | Reached XP level 10. HP: 70/70 MP: 10/10
  8741 | D:8      | Bought the +2 cloak of the Hot Ocelot {*Slow rC++ SInv
                  | Stlth+} for 444 gold pieces
  8973 | D:8      | Noticed an orc knight
  8973 | D:8      | Noticed a cyclops
  8973 | D:8      | Noticed a deep elf pyromancer
  8974 | D:8      | Found a runed translucent door.
  8976 | D:8      | Noticed a centaur warrior
  8976 | D:8      | Identified the ring "Pamica" {Fly rCorr Str+4 Int+6}
  8976 | D:8      | Noticed an ogre mage
  8976 | D:8      | Noticed a four-headed hydra
  8976 | D:8      | Noticed a centaur warrior
  8976 | D:8      | Noticed a four-headed hydra
  9240 | D:9      | Found a viscous altar of Jiyva.
  9243 | D:9      | Noticed a two-headed ogre
  9257 | D:9      | Killed a two-headed ogre
  9258 | D:9      | Reached skill level 14 in Maces & Flails
  9485 | D:9      | Noticed a cyclops
  9494 | D:9      | Killed a cyclops
  9673 | D:10     | Entered Level 10 of the Dungeon
  9769 | D:10     | Noticed an oklob plant
  9770 | D:10     | Found a staircase to the Lair.
 10025 | D:10     | Noticed Erica
 10034 | D:10     | Killed Erica
 10035 | D:10     | Reached skill level 15 in Maces & Flails
 10035 | D:10     | Reached XP level 11. HP: 75/75 MP: 11/11
 10348 | D:10     | Killed an oklob plant
 10505 | D:11     | Found Uwkuty's Book Shoppe.
 10986 | D:11     | Noticed Gastronok
 10996 | D:11     | Killed Gastronok
 10997 | D:11     | Reached skill level 16 in Maces & Flails
 11308 | D:11     | Noticed a seven-headed hydra
 11316 | D:11     | Killed a seven-headed hydra
 11568 | D:11     | Noticed a two-headed ogre
 11583 | D:11     | Killed a two-headed ogre
 12004 | D:11     | Noticed a red ugly thing
 12014 | D:11     | Killed a red ugly thing
 12271 | Lair:1   | Entered Level 1 of the Lair of Beasts
 12282 | Lair:1   | Noticed Joseph
 12298 | Lair:1   | Killed Joseph
 12396 | Lair:1   | Noticed Kinoniko's ghost (journeyman OgBe)
 12401 | Lair:1   | Found a transporter.
 12681 | Lair:1   | Found a transporter.
 12753 | Lair:1   | Reached skill level 17 in Maces & Flails
 12753 | Lair:1   | Reached XP level 12. HP: 68/81 MP: 12/12
 14734 | Lair:2   | Received a gift from Trog
 14949 | Lair:2   | Noticed a six-headed hydra
 14955 | Lair:2   | Killed a six-headed hydra
 14956 | Lair:2   | Reached skill level 18 in Maces & Flails
 15296 | Lair:2   | Noticed an eight-headed hydra
 15303 | Lair:2   | Killed an eight-headed hydra
 16892 | Lair:3   | Found a hole to the Spider Nest.
 18405 | Lair:4   | Gained mutation: A demonic guardian rushes to your aid.
                  | [demonic ancestry]
 18405 | Lair:4   | Reached XP level 13. HP: 86/86 MP: 13/13
 18791 | Lair:4   | Reached skill level 19 in Maces & Flails
 19404 | Lair:4   | Found a staircase to the Swamp.
 20727 | Lair:5   | Found a runed translucent gate.
 20727 | Lair:5   | Found a runed translucent gate.
 20749 | Lair:5   | Reached skill level 1 in Shields
 20957 | Lair:5   | Noticed Ycoiwk's ghost (journeyman OpVM)
 20957 | Lair:5   | Noticed Yhosony's ghost (journeyman OpVM)
 20958 | Lair:5   | Noticed Haestrico's ghost (journeyman VSSu)
 20958 | Lair:5   | Noticed Ewum's ghost (journeyman TrMo)
 20960 | Lair:5   | Found a runed translucent gate.
 21349 | Lair:5   | Found a staircase to the Slime Pits.
 21350 | Lair:5   | Found a viscous altar of Jiyva.
 21549 | Lair:6   | Entered Level 6 of the Lair of Beasts
 21549 | Lair:6   | Noticed Urug
 21595 | Lair:6   | Killed Urug
 21890 | Lair:6   | Reached skill level 5 in Fighting
 22983 | Lair:6   | Received a gift from Trog
 23378 | Lair:6   | Reached skill level 1 in Axes
 23754 | Lair:6   | Gained mutation: A meltable icy envelope protects you from
                  | harm. (AC +8) [demonic ancestry]
 23754 | Lair:6   | Reached XP level 14. HP: 83/101 MP: 14/14
 23869 | Lair:6   | Found the +27 Lear's hauberk
 24685 | D:12     | Found a transporter.
 24697 | D:12     | Noticed anet's ghost (journeyman GnFi)
 24732 | D:12     | Found a transporter.
 24874 | D:12     | Found a staircase to the Orcish Mines.
 25819 | D:13     | Found a gate leading to a gauntlet.
 25832 | Gauntlet | Entered a Gauntlet
 25832 | Gauntlet | Found a transporter.
 26014 | Gauntlet | Found a large runed translucent door.
 26015 | Gauntlet | Found a large runed translucent door.
 26016 | Gauntlet | Found a large runed translucent door.
 26016 | Gauntlet | Found a large runed translucent door.
 26016 | Gauntlet | Found a runed translucent door.
 26017 | Gauntlet | Found a large runed translucent door.
 26018 | Gauntlet | Found a large runed translucent door.
 26019 | Gauntlet | Found a large runed translucent door.
 26019 | Gauntlet | Found a large runed translucent door.
 26020 | Gauntlet | Found a runed translucent gate.
 26020 | Gauntlet | Found a runed translucent gate.
 26022 | Gauntlet | Found a transporter.
 26030 | Gauntlet | Found a runed translucent gate.
 26030 | Gauntlet | Found a runed translucent door.
 26031 | Gauntlet | Found a large runed translucent door.
 26031 | Gauntlet | Found a large runed translucent door.
 26032 | Gauntlet | Found a large runed translucent door.
 26033 | Gauntlet | Found a large runed translucent door.
 26037 | Gauntlet | Found a transporter.
 26042 | Gauntlet | Found a transporter.
 26057 | Gauntlet | Found a transporter.
 26076 | Gauntlet | Found a transporter.
 26088 | Gauntlet | Found a transporter.
 26100 | Gauntlet | Found a transporter.
 26106 | Gauntlet | Found a transporter.
 26106 | Gauntlet | Found a transporter.
 26121 | Gauntlet | Found a transporter.
 26127 | Gauntlet | Found a transporter.
 26142 | Gauntlet | Found a transporter.
 26159 | Gauntlet | Found a transporter.
 26179 | Gauntlet | Found a transporter.
 26207 | Gauntlet | Found a transporter.
 26223 | Gauntlet | Found a large runed translucent door.
 26223 | Gauntlet | Found a large runed translucent door.
 26224 | Gauntlet | Found a large runed translucent door.
 26225 | Gauntlet | Found a large runed translucent door.
 26227 | Gauntlet | Found a transporter.
 26439 | Gauntlet | Found a transporter.
 26734 | Gauntlet | Reached skill level 10 in Fighting
 26806 | Gauntlet | Identified the ring "Milymug" {rN+ Str+6 Int+2 Stlth+}
 26824 | Gauntlet | Identified the +5 morningstar of Mueg {freeze, rPois Str+2
                  | Int+2}
 26837 | Gauntlet | Reached skill level 5 in Axes
 26891 | Gauntlet | Identified the +1 leather armour "Geghimip" {Rampage rPois
                  | rCorr}
 27033 | D:13     | Noticed Azrael
 27052 | D:13     | Killed Azrael
 27805 | D:13     | Gained mutation: You are completely covered in razor-sharp
                  | scales. (AC +3, Slay +3) [demonic ancestry]
 27805 | D:13     | Reached XP level 15. HP: 117/117 MP: 15/15
 27869 | Orc:1    | Entered Level 1 of the Orcish Mines
 28331 | Orc:2    | Entered Level 2 of the Orcish Mines
 28331 | Orc:2    | Found Oluyvaac's Antique Armour Shop.
 28485 | Orc:2    | Found a staircase to the Elven Halls.
 28771 | Orc:2    | Found Zygixzu's Magic Scroll Emporium.
 28827 | Orc:2    | Received a gift from Trog
 28875 | Orc:2    | Paralysed by an ogre mage for 2 turns
 29057 | Orc:2    | Found Jida's Weapon Boutique.
 29063 | Orc:2    | Bought a scroll of enchant weapon for 90 gold pieces
 29063 | Orc:2    | Bought a scroll of enchant weapon for 90 gold pieces
 29387 | Orc:2    | HP: 6/122 [sixfirhy[an orc high priest] (11)]
 30026 | Orc:2    | Found Usyrawih's General Store.
 30026 | Orc:2    | Found Akiorgh's Armour Shop.
 30038 | Orc:2    | Found Veithacu's Antique Weapon Emporium.
 30038 | Orc:2    | Found Juur's Magic Scroll Shop.
 30047 | Orc:2    | Bought a scroll of enchant armour for 120 gold pieces
 30049 | Orc:2    | Bought the +4 tower shield of Immorality {Harm +Blink rPois
                  | Dex-4} for 514 gold pieces
 30104 | Orc:2    | Received a gift from Trog
 30430 | D:14     | Gained mutation: You have hoof-like feet. [demonic
                  | ancestry]
 30430 | D:14     | Reached XP level 16. HP: 131/131 MP: 16/16
 30448 | D:14     | Reached skill level 10 in Axes
 30767 | Orc:2    | Bought the +5 ring mail "Sirrapp" {Harm} for 540 gold
                  | pieces
 30962 | D:14     | Noticed Agnes
 30971 | D:14     | HP: 3/131 [large slime creature (26)]
 30971 | D:14     | Mangled by Agnes

Illustrated notes

Levels and vault maps discovered:
D:1:      dpeg_arrival_snail, layout_loops_ring,
          ebering_ecumenical_altar_abandoned, grunt_decor_mini_mirrors,
          chequers_mini_garden, minivault_24, minmay_stone_trees_medium
D:2:      layout_loops_ring
D:3:      minmay_inner_zag, layout_loops_ring, supply_closet_lemuel,
          uniq_natasha
D:4:      layout_rooms, ebering_ghost_gozag
D:5:      layout_basic, gup_sewer_entry_glass, uniq_prince_ribbit1
D:6:      layout_basic, minmay_temple_entry_grid, kennysheep_generic_room_2,
          uniq_eustachio, uniq_menkaure, uniq_crazy_yiuf_cottage
D:7:      layout_loops_ring, minmay_misc_feat_nine_boxes, dk_noncrumbling_4
D:8:      minmay_gate_of_8, layout_rooms, overflow_temple_1_default,
          serial_shops, nicolae_shop_trees, chequers_serial_rivers_small_b
D:9:      layout_rooms, jiyva_altar_1
D:10:     layout_roguey, dpeg_oklobed_lair, uniq_erica
D:11:     layout_small_grid, serial_shops, shop, uniq_gastronok
D:12:     layout_basic, david_orc_3, gammafunk_ghost_stat_death,
          amcnicky_mini_corridor_feature
D:13:     layout_loops_ring, gauntlet_entry_generic, uniq_azrael
D:14:     layout_basic, david_vaults_1, minmay_misc_feat_tiny,
          einodemon_armed_red_devil_minivault, uniq_frances, uniq_agnes
Lair:1:   layout_small_grid, gammafunk_ghost_hive, cheibrodos_lair_lostbears,
          uniq_joseph
Lair:2:   layout_cave_pods, infiniplex_staircase_pool
Lair:3:   layout_layer_cave, spider_nest_entry_rubble,
          chequers_serial_rivers_micro_b, st_stairs_8, serial_bayou_shore_b
Lair:4:   layout_hall_layers, palyth_hydra_swamp_entry
Lair:5:   layout_loops_ring, slime_altar_1, gammafunk_ghost_cemetery
Lair:6:   minmay_lair_end_frog_pond, layout_cave_shapes, serial_bayou_shore_b,
          serial_bayou_shore_b, uniq_urug
Orc:1:    layout_caves, hellmonk_bongcloud_opening
Orc:2:    grunt_orc_tribal_feast, layout_caves, serial_shops,
          nicolae_shop_overgrown_old_shop, guppyfry_orc_lava_fort

Skill      XL: |  1  2  3  4  5  6  7  8  9 10 11 12 13 14 15 16 |
---------------+-------------------------------------------------+-----
Maces & Flails | 3 4 5 6 7 9 11 13 15 17 18 19 | 19.3
Armour         | 3 4 |  4.0
Dodging        | 3 4 |  4.0
Shields        | 3 |  3.8
Fighting       | 6 10 13 | 13.5
Axes           | 1 8 9 10 | 10.1

Action                   |  1- 3 |  4- 6 |  7- 9 | 10-12 | 13-15 | 16-18 || total
-------------------------+-------+-------+-------+-------+-------+-------++-------
Melee: Mace              |   104 |   110 |    28 |       |       |       ||   242
       Kick              |     8 |    32 |    85 |   250 |   287 |    10 ||   672
       Flail             |       |       |   261 |   555 |   374 |       ||  1190
       Dire flail        |       |       |    86 |    58 |       |       ||   144
       Broad axe         |       |       |       |       |   484 |    41 ||   525
Invok: Berserk           |     2 |     7 |    14 |    29 |    42 |     1 ||    95
       Brothers in Arms  |       |       |       |       |    10 |     1 ||    11
       Trog's Hand       |       |       |       |       |     1 |     1 ||     2
Evoke: Wand              |       |       |       |     1 |       |       ||     1
  Use: Potion            |       |     1 |       |       |     9 |     6 ||    16
       Scroll            |       |     4 |     4 |     7 |    26 |     2 ||    43
 Stab: Sleeping          |     1 |       |       |     1 |       |     1 ||     3
       Distracted        |       |       |       |     1 |     4 |       ||     5
       Petrified         |       |       |       |       |     3 |       ||     3
       Invisible         |       |       |       |       |       |     1 ||     1
Armor: Animal skin       |    19 |       |       |       |       |       ||    19
       Scale mail        |       |    34 |   141 |   260 |   199 |       ||   634
       Leather armour    |       |     4 |       |       |       |       ||     4
       Chain mail        |       |       |       |       |   219 |     9 ||   228
       Ring mail         |       |       |       |       |       |     5 ||     5
Dodge: Dodged            |    70 |    47 |   161 |   148 |   209 |    10 ||   645
Block: Other             |       |    14 |    48 |    13 |       |       ||    75
       Kite shield       |       |       |       |   347 |   649 |       ||   996
       Tower shield      |       |       |       |       |     2 |    64 ||    66

Table legend: (Time is in decaauts)
 A = Elapsed time spent in this place.
 B = Non-inter-level travel time spent in this place.
 C = Inter-level travel time spent in this place.
 D = Time resting spent in this place.
 E = Time spent auto-exploring this place.
 F = Levels seen in this place.
 G = Mean time per level.
                   A        B        C        D        E       F      G
               +--------+--------+--------+--------+--------+-----+--------+
         Total |  31927 |  30923 |   1004 |   9569 |  17034 |  24 | 1330.3 |
       Dungeon |  14891 |  14189 |    702 |   3814 |   8540 |  14 | 1063.6 |
          Lair |  12545 |  12355 |    190 |   4022 |   6892 |   6 | 2090.8 |
  Orcish Mines |   2659 |   2547 |    112 |    997 |   1013 |   2 | 1329.5 |
         Sewer |    729 |    729 |      0 |    297 |    257 |   1 |  729.0 |
      Gauntlet |   1101 |   1101 |      0 |    437 |    332 |   1 | 1101.0 |
               +--------+--------+--------+--------+--------+-----+--------+

Top non-repeatable levels by time:
  Lair:6: 2933 daAuts
  Lair:4: 2222 daAuts
  Lair:2: 2115 daAuts
  Lair:3: 2047 daAuts
    D:11: 1875 daAuts
  Lair:1: 1828 daAuts
     D:6: 1526 daAuts
   Orc:2: 1509 daAuts
     D:1: 1494 daAuts
     D:3: 1436 daAuts
    D:12: 1427 daAuts
  Lair:5: 1398 daAuts
    D:13: 1173 daAuts
   Orc:1: 1150 daAuts
Gauntlet: 1101 daAuts
